 Dungeon Crawl Stone Soup version 0.19.0-2-gae57169 (webtiles) character file.

1236 thirtiethelement the Sneak (level 8, -3/55 HPs)
             Began as an Octopode Wanderer on Nov 6, 2016.
             Was a Follower of Fedhas.
             Slain by an orc warrior
             ... wielding a +0 trident
              (19 damage)
             ... on level 7 of the Dungeon.
             The game lasted 00:30:56 (4470 turns).

thirtiethelement the Sneak (Octopode Wanderer)      Turns: 4470, Time: 00:30:57

Health: -3/55      AC:  4    Str: 12    XL:     8   Next: 49%
Magic:  8/8        EV: 18    Int: 13    God:    Fedhas [*.....]
Gold:   316        SH:  0    Dex: 14    Spells: 0 memorised, 7 levels left

rFire  . . .     SeeInvis .       - Unarmed
rCold  . . .     Gourm    .     (no shield)
rNeg   . . .     Faith    +     h - +2 hat
rPois  .         Spirit   .     n - amulet of faith
rElec  .         Reflect  .     j - +3 ring of evasion
rCorr  .         Harm     .     (no ring)
MR     .....                    (no ring)
Stlth  +++++.....               (no ring)
                                (no ring)
                                (no ring)
                                (no ring)
                                (no ring)

@: no status effects
A: almost no armour, stealthy swim, amphibious, 8 rings, constrict 8, rugged
brown scales 1, camouflage 1, gelatinous body 1
a: Fungal Bloom, Evolution, Renounce Religion


You were on level 7 of the Dungeon.
You worshipped Fedhas.
Fedhas was aware of your devotion.
You were not hungry.

You visited 1 branch of the dungeon, and saw 7 of its levels.

You collected 316 gold pieces.

Inventory:

Hand Weapons
 v - a +1 mace of protection
Missiles
 g - 116 stones (quivered)
Armour
 h - a +2 hat (worn)
Rods
 p - a -2 rod of clouds (12/12)
   (You found it on level 6 of the Dungeon)
Jewellery
 j - a +3 ring of evasion (left tentacle)
 n - an amulet of faith (around mantle)
Wands
 o - a wand of hasting (7/9)
Scrolls
 b - 2 scrolls of blinking
 c - 2 scrolls of teleportation
 m - 2 scrolls of enchant weapon
 r - a scroll of recharging
 s - a scroll of enchant armour
 t - 2 scrolls of remove curse
Potions
 a - a potion of haste
 d - 4 potions of curing
 e - a potion of flight
 i - 2 potions of brilliance
 k - a potion of resistance
 q - a potion of lignification
 w - 2 potions of berserk rage
 z - a potion of might
Comestibles
 f - a bread ration
 l - 4 fruits
 u - a beef jerky
 x - a meat ration


   Skills:
 + Level 4.0 Fighting
   Level 1.0 Crossbows
 * Level 4.5 Dodging
 + Level 7.5 Stealth
 + Level 7.0 Unarmed Combat
 + Level 1.1 Evocations


You had 7 spell levels left.
You didn't know any spells.

Dungeon Overview and Level Annotations

Branches:
Dungeon (7/15)
 Temple: D:4-7

Altars:
Fedhas
Nemelex Xobeh

Shops:
D:5 %


Innate Abilities, Weirdness & Mutations

You cannot wear most types of armour.
You are very stealthy in the water. (Stealth+)
You are amphibious.
You can wear up to eight rings at the same time.
You can use your tentacles to constrict eight enemies at once.
Your skin changes colour to match your surroundings (Stealth+).
Your rubbery body absorbs attacks. (AC +1, EV +1)
You are partially covered in rugged brown scales. (AC +1, +3% HP)


Message History

You constrict the orc warrior, but do no damage.
You barely miss the orc warrior.
The orc warrior is moderately wounded.
You constrict the orc warrior, but do no damage.
The orc warrior closely misses you.
You tentacle-slap the orc warrior.
The orc warrior is heavily wounded.
You constrict the orc warrior. The orc warrior completely misses you.
You tentacle-slap the orc warrior but do no damage.
The orc warrior is heavily wounded.
You constrict the orc warrior. The orc warrior completely misses you.
You tentacle-slap the orc warrior but do no damage.
The orc warrior is severely wounded.
You constrict the orc warrior, but do no damage.
You tentacle-slap the orc warrior but do no damage.
The orc warrior is severely wounded.
You constrict the orc warrior.
The orc warrior hits you with a trident!!
You die...
Fedhas appreciates your contribution to the ecosystem.

.. ##.
... ..
###.###
#.....#
#>.)..#
#..)<)#
#...@.#
#...o.#
#######


You could see an orc warrior.

Vanquished Creatures
  Grinder (D:4)
  An ice beast (D:6)
  An ogre (D:5)
  2 centaurs (D:5)
  A scorpion (D:4)
  2 crimson imps (D:5)
  5 orc wizards
  A jelly (D:6)
  3 hounds
  Ijyb (D:2)
  An iguana (D:6)
  3 worker ants
  A hound zombie (D:5)
  2 hound skeletons (D:4)
  A worker ant zombie (D:5)
  6 adders
  A shadow imp (D:5)
  An ooze (D:1)
  3 worms (D:2)
  4 dart slugs
  5 leopard geckos
  7 orcs
  A ball python (D:3)
  5 giant cockroaches
  8 goblins
  9 hobgoblins
  5 jackals
  A quokka (D:3)
  6 bats
  3 frilled lizards
  2 kobolds
  A leopard gecko zombie (D:5)
  A quokka skeleton (D:5)
  9 rats
104 creatures vanquished.

Vanquished Creatures (others)
  20 toadstools
20 creatures vanquished.

Grand Total: 124 creatures vanquished

Notes
Turn   | Place    | Note
-------+----------+-------------------------------------------
     0 | D:1      | thirtiethelement the Octopode Wanderer began the quest for the Orb.
     0 | D:1      | thirtiethelement set off with: a potion of haste, a scroll of blinking, a scroll of teleportation, a potion of curing, a +0 dagger, a bread ration
     0 | D:1      | Reached XP level 1. HP: 16/16 MP: 1/1
    74 | D:1      | Reached XP level 2. HP: 12/21 MP: 2/2
   488 | D:1      | Reached XP level 3. HP: 20/26 MP: 3/3
   750 | D:2      | Reached XP level 4. HP: 32/32 MP: 4/4
   997 | D:2      | Noticed Ijyb
  1013 | D:2      | Killed Ijyb
  1210 | D:2      | Reached XP level 5. HP: 30/36 MP: 5/5
  1678 | D:3      | Reached skill level 5 in Stealth
  1839 | D:3      | Gained mutation: You are partially covered in rugged brown scales. (AC +1, +3% HP) [potion of beneficial mutation]
  1865 | D:3      | Found a faded altar of an unknown god.
  1880 | D:3      | Became a worshipper of Fedhas Madash
  1880 | D:3      | Reached * piety under Fedhas
  2006 | D:4      | Reached XP level 6. HP: 41/44 MP: 6/6
  2240 | D:4      | Noticed Grinder
  2268 | D:4      | Killed Grinder
  2268 | D:4      | Reached XP level 7. HP: 18/48 MP: 7/7
  2761 | D:4      | Reached skill level 5 in Unarmed Combat
  2793 | D:5      | Entered Level 5 of the Dungeon
  2819 | D:5      | Found Bojaes's Food Emporium.
  3226 | D:5      | Reached XP level 8. HP: 55/55 MP: 8/8
  3590 | D:5      | Found a sparkling altar of Nemelex Xobeh.
  3590 | D:5      | Noticed a wyvern
  4470 | D:7      | Slain by an orc warrior

Skill      XL: |  1  2  3  4  5  6  7  8 |
---------------+-------------------------+-----
Stealth        | 3 4 5 6 7 |  7.5
Unarmed Combat | 3 4 5 7 |  7.0
Dodging        | 2 3 4 |  4.5
Fighting       | 4 |  4.0
Crossbows      | |  1.0
Evocations     | |  1.1

Action                   |  1- 3 |  4- 6 |  7- 9 || total
-------------------------+-------+-------+-------++-------
Melee: Unarmed           |    65 |   110 |   114 ||   289
       Tentacles         |    16 |    30 |    25 ||    71
       Constrict         |    19 |    29 |    23 ||    71
       Punch             |     2 |     1 |     6 ||     9
Throw: Stone             |    12 |     2 |    25 ||    39
Invok: Fungal Bloom      |       |     5 |     6 ||    11
  Use: Scroll            |     3 |     8 |     6 ||    17
       Potion            |       |     3 |     1 ||     4
 Stab: Sleeping          |    12 |     5 |     8 ||    25
       Distracted        |       |     1 |       ||     1
  Eat: Bread ration      |       |     1 |     2 ||     3
Armor: Skin              |     5 |    11 |    47 ||    63
Dodge: Dodged            |    39 |    77 |    71 ||   187
